Workbook

Sheet DADOS
A1: Prefeitura Municipal de Ibicaré - SC
A2: SEMUS - Secretaria de Saúde
A3: Data do documento: | C3: 15/05/2026
A4: Licitação número:
A5: Lote:
A6: Dados da licitante
A7: Razão social
A8: CNPJ:
A9: Telefone:
A10: E-Mail:
A11: Nome responsável:
A12: CPF responsável:
A13: Cidade licitante:
A14: UF licitante:
A20: INSTRUÇÕES DE PREENCHIMENTO DA PLANILHA
... A24: A coluna de material deverá ser informado quanto do valor total do item corresponde ao custo do material. Caso nenhum valor seja informado, todo o custo será considerado como custo de serviço. Ao preencher o campo de material, a planilha recalculará automaticamente o valor do custo de serviço.

Sheet Orçamento
A1: Prefeitura Municipal de Ibicaré - SC
A2: Orcamento de obra - SAMU
A3: Data: | B3: =DADOS!C3 -> 15/05/2026
A4: Empresa: | B4: =DADOS!C7 -> 0 | G4: Telefone: | H4: =DADOS!C9
A5: CNPJ: | B5: =DADOS!C8 | D5: Cidade: | E5: =DADOS!C13 -> 0 | H5: UF: | I5: =DADOS!C14 -> 0
A7: Item | B7: Descrição dos itens | C7: U.M. | D7: Qtde. | E7: Custo base R$ | F7: %BDI/K/TRDE Base | G7: Preço base R$ | H7: Custo Un. R$ | I7: %BDI/K/TRDE | J7: Preço Un. R$ | K7: Material R$ | L7: Serviço R$ | M7: Total Material R$ | N7: Total Serviço R$ | O7: Total R$
A8: 1 | B8: GERAIS | O8: =O9+O15+O22+O33+O38+O41+O54+O58+O69+O79+O85+O95+O125+O162 -> 0 | P8: Etapa
A9: 1.1 | B9: SERVIÇOS INICIAIS | M9: =SUM(M10:M14) -> 0 | N9: =SUM(N10:N14) -> 0 | O9: =SUM(O10:O14) -> 0 | P9: Etapa
A10: 1.1.1 | B10: FORNECIMENTO E INSTALAÇÃO DE PLACA DE OBRA COM CHAPA GALVANIZADA E ESTRUTURA DE MADEIRA. AF_03/2022_PS | C10: M2 | D10: 3 | E10: 250 | F10: 23.54 | G10: 308.85 | I10: =ROUND('BDI Principal'!D14,2) -> 23.54 | J10: =ROUND((ROUND(H10,2)*I10/100)+ROUND(H10,2),2) -> 0 | L10: =J10-K10 -> 0 | M10: =ROUND(K10*D10,2) -> 0 | N10: =O10-M10 -> 0 | O10: =ROUND(D10*J10,2) -> 0 | P10: Item
A11: 1.1.2 | B11: EXECUÇÃO DE ALMOXARIFADO EM CANTEIRO DE OBRA EM CHAPA DE MADEIRA COMPENSADA, TELHA EM FIBROCIMENTO, E PISO BRITADO 10CM, COM PONTO DE TOMADA E ILUMINAÇÃO | C11: M2 | D11: 9 | E11: 461.035 | F11: 23.54 | G11: 569.57 | I11: =ROUND('BDI Principal'!D14,2) -> 23.54 | J11: =ROUND((ROUND(H11,2)*I11/100)+ROUND(H11,2),2) -> 0 | L11: =J11-K11 -> 0 | M11: =ROUND(K11*D11,2) -> 0 | N11: =O11-M11 -> 0 | O11: =ROUND(D11*J11,2) -> 0 | P11: Item
A12: 1.1.3 | B12: MONTAGEM E DESMONTAGEM DE ANDAIME MODULAR FACHADEIRO, COM PISO METÁLICO | C12: M2 | D12: 9 | E12: 23.332 | F12: 23.54 | G12: 28.82 | I12: =ROUND('BDI Principal'!D14,2) -> 23.54 | J12: =ROUND((ROUND(H12,2)*I12/100)+ROUND(H12,2),2) -> 0 | L12: =J12-K12 -> 0 | M12: =ROUND(K12*D12,2) -> 0 | N12: =O12-M12 -> 0 | O12: =ROUND(D12*J12,2) -> 0 | P12: Item
A13: 1.1.4 | B13: LOCACAO DE ANDAIME METALICO TIPO FACHADEIRO, INCLUINDO DIAGONAIS EM X, BARRAS DE LIGACAO, SAPATAS E DEMAIS ITENS NECESSARIOS A MONTAGEM | C13: M2XMES | D13: 27 | E13: 35.625 | F13: 23.54 | G13: 44.02 | I13: =ROUND('BDI Principal'!D14,2) -> 23.54 | J13: =ROUND((ROUND(H13,2)*I13/100)+ROUND(H13,2),2) -> 0 | L13: =J13-K13 -> 0 | M13: =ROUND(K13*D13,2) -> 0 | N13: =O13-M13 -> 0 | O13: =ROUND(D13*J13,2) -> 0 | P13: Item
A14: 1.1.5 | B14: ADMINISTRAÇÃO LOCAL DE OBRA | C14: H | D14: 16 | E14: 132.0975 | F14: 23.54 | G14: 163.2 | I14: =ROUND('BDI Principal'!D14,2) -> 23.54 | J14: =ROUND((ROUND(H14,2)*I14/100)+ROUND(H14,2),2) -> 0 | L14: =J14-K14 -> 0 | M14: =ROUND(K14*D14,2) -> 0 | N14: =O14-M14 -> 0 | O14: =ROUND(D14*J14,2) -> 0 | P14: Item
A15: 1.2 | B15: REMOÇÕES E DEMOLIÇÕES | M15: =SUM(M16:M21) -> 0 | N15: =SUM(N16:N21) -> 0 | O15: =SUM(O16:O21) -> 0 | P15: Etapa
A16: 1.2.1 | B16: REMOÇÃO DE TELHAS DE FIBROCIMENTO, AÇO OU SIMILAR COM REAPROVEITAMENTO, DESTINO DADO PELO MUNICÍPIO | C16: M2 | D16: 39 | E16: 4.37 | F16: 23.54 | G16: 5.4 | I16: =ROUND('BDI Principal'!D14,2) -> 23.54 | J16: =ROUND((ROUND(H16,2)*I16/100)+ROUND(H16,2),2) -> 0 | L16: =J16-K16 -> 0 | M16: =ROUND(K16*D16,2) -> 0 | N16: =O16-M16 -> 0 | O16: =ROUND(D16*J16,2) -> 0 | P16: Item
A17: 1.2.2 | B17: REMOÇÃO DE TESOURAS METÁLICAS, DE FORMA MECANIZADA, COM REAPROVEITAMENTO , DESTINO DADO PELO MUNICÍPIO | C17: UN | D17: 3 | E17: 239.2765 | F17: 23.54 | G17: 295.61 | I17: =ROUND('BDI Principal'!D14,2) -> 23.54 | J17: =ROUND((ROUND(H17,2)*I17/100)+ROUND(H17,2),2) -> 0 | L17: =J17-K17 -> 0 | M17: =ROUND(K17*D17,2) -> 0 | N17: =O17-M17 -> 0 | O17: =ROUND(D17*J17,2) -> 0 | P17: Item
A18: 1.2.3 | B18: REMOÇÃO DE TRAMA METÁLICA PARA COBERTURA, DE FORMA MANUAL, COM REAPROVEITAMENTO , DESTINO DADO PELO MUNICÍPIO | C18: M2 | D18: 39 | E18: 41.857 | F18: 23.54 | G18: 51.71 | I18: =ROUND('BDI Principal'!D14,2) -> 23.54 | J18: =ROUND((ROUND(H18,2)*I18/100)+ROUND(H18,2),2) -> 0 | L18: =J18-K18 -> 0 | M18: =ROUND(K18*D18,2) -> 0 | N18: =O18-M18 -> 0 | O18: =ROUND(D18*J18,2) -> 0 | P18: Item
A19: 1.2.4 | B19: DEMOLIÇÃO DE ALVENARIA PARA QUALQUER TIPO DE BLOCO, DE FORMA MECANIZADA | C19: M3 | D19: 16.53 | E19: 59.3085 | F19: 23.54 | G19: 73.27 | I19: =ROUND('BDI Principal'!D14,2) -> 23.54 | J19: =ROUND((ROUND(H19,2)*I19/100)+ROUND(H19,2),2) -> 0 | L19: =J19-K19 -> 0 | M19: =ROUND(K19*D19,2) -> 0 | N19: =O19-M19 -> 0 | O19: =ROUND(D19*J19,2) -> 0 | P19: Item
A20: 1.2.5 | B20: REMOÇÃO DE ENTULHO CLASSE A (ALVENARIA, CONCRETO, ARGAMASSAS E CERÂMICOS) POR DUTO DE ENTULHO E ACONDICIONAMENTO FINAL EM CAÇAMBA ESTACIONÁRIA. EXCLUSO FRETE. AF_09/2025 | C20: M3 | D20: 0.83 | E20: 86.773 | F20: 23.54 | G20: 107.2 | I20: =ROUND('BDI Principal'!D14,2) -> 23.54 | J20: =ROUND((ROUND(H20,2)*I20/100)+ROUND(H20,2),2) -> 0 | L20: =J20-K20 -> 0 | M20: =ROUND(K20*D20,2) -> 0 | N20: =O20-M20 -> 0 | O20: =ROUND(D20*J20,2) -> 0 | P20: Item
A21: 1.2.6 | B21: TRANSPORTE COM CAMINHÃO BASCULANTE DE 6 M³, EM VIA URBANA PAVIMENTADA | C21: M3XKM | D21: 8.27 | E21: 3.097 | F21: 23.54 | G21: 3.83 | I21: =ROUND('BDI Principal'!D14,2) -> 23.54 | J21: =ROUND((ROUND(H21,2)*I21/100)+ROUND(H21,2),2) -> 0 | L21: =J21-K21 -> 0 | M21: =ROUND(K21*D21,2) -> 0 | N21: =O21-M21 -> 0 | O21: =ROUND(D21*J21,2) -> 0 | P21: Item
A22: 1.3 | B22: COBERTURA | M22: =SUM(M23:M32) -> 0 | N22: =SUM(N23:N32) -> 0 | O22: =SUM(O23:O32) -> 0 | P22: Etapa
A23: 1.3.1 | B23: FABRICAÇÃO E INSTALAÇÃO DE TESOURA INTEIRA EM AÇO, VÃO DE 13,30 M, PARA TELHA TERMOACÚSTICA, INCLUSO IÇAMENTO | C23: UN | D23: 3 | E23: 2185.38 | F23: 23.54 | G23: 2699.82 | I23: =ROUND('BDI Principal'!D14,2) -> 23.54 | J23: =ROUND((ROUND(H23,2)*I23/100)+ROUND(H23,2),2) -> 0 | L23: =J23-K23 -> 0 | M23: =ROUND(K23*D23,2) -> 0 | N23: =O23-M23 -> 0 | O23: =ROUND(D23*J23,2) -> 0 | P23: Item
A24: 1.3.2 | B24: FABRICAÇÃO E INSTALAÇÃO DE TESOURA INTEIRA EM AÇO, VÃO DE 8 M, PARA TELHA TERMOACÚSTICA, INCLUSO IÇAMENTO | C24: UN | D24: 1 | E24: 1496.3925 | F24: 23.54 | G24: 1848.64 | I24: =ROUND('BDI Principal'!D14,2) -> 23.54 | J24: =ROUND((ROUND(H24,2)*I24/100)+ROUND(H24,2),2) -> 0 | L24: =J24-K24 -> 0 | M24: =ROUND(K24*D24,2) -> 0 | N24: =O24-M24 -> 0 | O24: =ROUND(D24*J24,2) -> 0 | P24: Item
A25: 1.3.3 | B25: FABRICAÇÃO E INSTALAÇÃO DE TESOURA INTEIRA EM AÇO, VÃO DE 6 M, PARA TELHA TERMOACÚSTICA, INCLUSO IÇAMENTO | C25: UN | D25: 2 | E25: 1144.313 | F25: 23.54 | G25: 1413.68 | I25: =ROUND('BDI Principal'!D14,2) -> 23.54 | J25: =ROUND((ROUND(H25,2)*I25/100)+ROUND(H25,2),2) -> 0 | L25: =J25-K25 -> 0 | M25: =ROUND(K25*D25,2) -> 0 | N25: =O25-M25 -> 0 | O25: =ROUND(D25*J25,2) -> 0 | P25: Item
A26: 1.3.4 | B26: FABRICAÇÃO E INSTALAÇÃO DE TESOURA INTEIRA EM AÇO, VÃO DE 4 M, PARA TELHA TERMOACÚSTICA, INCLUSO IÇAMENTO | C26: UN | D26: 3 | E26: 752.039 | F26: 23.54 | G26: 929.07 | I26: =ROUND('BDI Principal'!D14,2) -> 23.54 | J26: =ROUND((ROUND(H26,2)*I26/100)+ROUND(H26,2),2) -> 0 | L26: =J26-K26 -> 0 | M26: =ROUND(K26*D26,2) -> 0 | N26: =O26-M26 -> 0 | O26: =ROUND(D26*J26,2) -> 0 | P26: Item
A27: 1.3.5 | B27: TRAMA DE AÇO COMPOSTA POR TERÇAS PARA TELHADOS DE ATÉ 2 ÁGUAS PARA TELHA TERMOACÚSTICA E POLICARBONATO, INCLUSO TRANSPORTE VERTICAL | C27: M2 | D27: 115.51 | E27: 49.571 | F27: 23.54 | G27: 61.24 | I27: =ROUND('BDI Principal'!D14,2) -> 23.54 | J27: =ROUND((ROUND(H27,2)*I27/100)+ROUND(H27,2),2) -> 0 | L27: =J27-K27 -> 0 | M27: =ROUND(K27*D27,2) -> 0 | N27: =O27-M27 -> 0 | O27: =ROUND(D27*J27,2) -> 0 | P27: Item
A28: 1.3.6 | B28: PINTURA COM TINTA EPOXÍDICA DE ACABAMENTO PULVERIZADA SOBRE PERFIL METÁLICO EXECUTADO EM FÁBRICA (02 DEMÃOS) | C28: M2 | D28: 83.18 | E28: 43.453 | F28: 23.54 | G28: 53.68 | I28: =ROUND('BDI Principal'!D14,2) -> 23.54 | J28: =ROUND((ROUND(H28,2)*I28/100)+ROUND(H28,2),2) -> 0 | L28: =J28-K28 -> 0 | M28: =ROUND(K28*D28,2) -> 0 | N28: =O28-M28 -> 0 | O28: =ROUND(D28*J28,2) -> 0 | P28: Item
A29: 1.3.7 | B29: TELHAMENTO COM TELHA TERMOISOLANTE REVESTIDA EM ACO GALVANIZADO, FACE SUPERIOR EM TELHA TIPO TRAPEZOIDAL, E FACE INFERIOR EM CHAPA FORRO PLANA, REVESTIMENTO COM ESPESSURA DE 0,50 MM, NUCLEO EM EPS, DE 30 MM. ÁREA PREVE TRANSPASSE E INCLINAÇÃO DE PROJETO | C29: M2 | D29: 115.51 | E29: 183.3975 | F29: 23.54 | G29: 226.57 | I29: =ROUND('BDI Principal'!D14,2) -> 23.54 | J29: =ROUND((ROUND(H29,2)*I29/100)+ROUND(H29,2),2) -> 0 | L29: =J29-K29 -> 0 | M29: =ROUND(K29*D29,2) -> 0 | N29: =O29-M29 -> 0 | O29: =ROUND(D29*J29,2) -> 0 | P29: Item
A30: 1.3.8 | B30: CUMEEIRA TERMOACÚSTICA NO MESMO MODELO E COR DO TELHAMENTO FORNECIMENTO E INSTALAÇÃO | C30: M | D30: 4.7 | E30: 74.385 | F30: 23.54 | G30: 91.9 | I30: =ROUND('BDI Principal'!D14,2) -> 23.54 | J30: =ROUND((ROUND(H30,2)*I30/100)+ROUND(H30,2),2) -> 0 | L30: =J30-K30 -> 0 | M30: =ROUND(K30*D30,2) -> 0 | N30: =O30-M30 -> 0 | O30: =ROUND(D30*J30,2) -> 0 | P30: Item
A31: 1.3.9 | B31: ACABAMENTO METÁLICO LATERAL PARA TELHA TERMOACÚSTICA, PINTADA NA COR DA TELHA - FORNECIMENTO E INSTALAÇÃO | C31: M | D31: 14.1 | E31: 19 | F31: 23.54 | G31: 23.47 | I31: =ROUND('BDI Principal'!D14,2) -> 23.54 | J31: =ROUND((ROUND(H31,2)*I31/100)+ROUND(H31,2),2) -> 0 | L31: =J31-K31 -> 0 | M31: =ROUND(K31*D31,2) -> 0 | N31: =O31-M31 -> 0 | O31: =ROUND(D31*J31,2) -> 0 | P31: Item
A32: 1.3.10 | B32: TESTEIRA DE MADEIRA 17 CM, INCLUSO PINTURA - FORNECIMENTO E INSTALAÇÃO | C32: M | D32: 20.15 | E32: 30.107 | F32: 23.54 | G32: 37.2 | I32: =ROUND('BDI Principal'!D14,2) -> 23.54 | J32: =ROUND((ROUND(H32,2)*I32/100)+ROUND(H32,2),2) -> 0 | L32: =J32-K32 -> 0 | M32: =ROUND(K32*D32,2) -> 0 | N32: =O32-M32 -> 0 | O32: =ROUND(D32*J32,2) -> 0 | P32: Item
A33: 1.4 | B33: DISPOSITIVOS PLUVIAIS | M33: =SUM(M34:M37) -> 0 | N33: =SUM(N34:N37) -> 0 | O33: =SUM(O34:O37) -> 0 | P33: Etapa
A34: 1.4.1 | B34: CALHA EM CHAPA DE AÇO GALVANIZADO NÚMERO 24, DESENVOLVIMENTO DE 33 CM, INCLUSO TRANSPORTE VERTICAL | C34: M | D34: 20.15 | E34: 59.242 | F34: 23.54 | G34: 73.19 | I34: =ROUND('BDI Principal'!D14,2) -> 23.54 | J34: =ROUND((ROUND(H34,2)*I34/100)+ROUND(H34,2),2) -> 0 | L34: =J34-K34 -> 0 | M34: =ROUND(K34*D34,2) -> 0 | N34: =O34-M34 -> 0 | O34: =ROUND(D34*J34,2) -> 0 | P34: Item
A35: 1.4.2 | B35: RUFO EM CHAPA DE AÇO GALVANIZADO NÚMERO 24, CORTE DE 25 CM, INCLUSO TRANSPORTE VERTICAL. AF_07/2019 | C35: M | D35: 29.74 | E35: 46.6735 | F35: 23.54 | G35: 57.66 | I35: =ROUND('BDI Principal'!D14,2) -> 23.54 | J35: =ROUND((ROUND(H35,2)*I35/100)+ROUND(H35,2),2) -> 0 | L35: =J35-K35 -> 0 | M35: =ROUND(K35*D35,2) -> 0 | N35: =O35-M35 -> 0 | O35: =ROUND(D35*J35,2) -> 0 | P35: Item
A36: 1.4.3 | B36: TUBO PVC, SÉRIE R, ÁGUA PLUVIAL, DN 100 MM, FORNECIDO E INSTALADO EM CONDUTORES VERTICAIS DE ÁGUAS PLUVIAIS. AF_06/2022 | C36: M | D36: 67.6 | E36: 32.471 | F36: 23.54 | G36: 40.11 | I36: =ROUND('BDI Principal'!D14,2) -> 23.54 | J36: =ROUND((ROUND(H36,2)*I36/100)+ROUND(H36,2),2) -> 0 | L36: =J36-K36 -> 0 | M36: =ROUND(K36*D36,2) -> 0 | N36: =O36-M36 -> 0 | O36: =ROUND(D36*J36,2) -> 0 | P36: Item
A37: 1.4.4 | B37: CAIXA ENTERRADA HIDRÁULICA RETANGULAR EM ALVENARIA COM TIJOLOS CERÂMICOS MACIÇOS, DIMENSÕES INTERNAS: 0,4X0,4X0,4 M PARA REDE DE DRENAGEM. AF_12/2020 | C37: UN | D37: 6 | E37: 249.809 | F37: 23.54 | G37: 308.62 | I37: =ROUND('BDI Principal'!D14,2) -> 23.54 | J37: =ROUND((ROUND(H37,2)*I37/100)+ROUND(H37,2),2) -> 0 | L37: =J37-K37 -> 0 | M37: =ROUND(K37*D37,2) -> 0 | N37: =O37-M37 -> 0 | O37: =ROUND(D37*J37,2) -> 0 | P37: Item
A38: 1.5 | B38: FORRO | M38: =SUM(M39:M40) -> 0 | N38: =SUM(N39:N40) -> 0 | O38: =SUM(O39:O40) -> 0 | P38: Etapa
A39: 1.5.1 | B39: FORRO EM RÉGUAS DE PVC, LISO, E=10MM, ANTICHAMAS COM LAUDO CBMSC, PARA AMBIENTES COMERCIAIS, INCLUSIVE ESTRUTURA METÁLICA BIDIRECIONAL DE FIXAÇÃO NOS LOCAIS INDICADOS EM PLANTA | C39: M2 | D39: 30.43 | E39: 74.765 | F39: 23.54 | G39: 92.37 | I39: =ROUND('BDI Principal'!D14,2) -> 23.54 | J39: =ROUND((ROUND(H39,2)*I39/100)+ROUND(H39,2),2) -> 0 | L39: =J39-K39 -> 0 | M39: =ROUND(K39*D39,2) -> 0 | N39: =O39-M39 -> 0 | O39: =ROUND(D39*J39,2) -> 0 | P39: Item
A40: 1.5.2 | B40: ACABAMENTOS PARA FORRO (RODA-FORRO) EM PVC INCLUSO INSTALAÇÃO E CONEXÕES | C40: M | D40: 50.6 | E40: 7.8945 | F40: 23.54 | G40: 9.75 | I40: =ROUND('BDI Principal'!D14,2) -> 23.54 | J40: =ROUND((ROUND(H40,2)*I40/100)+ROUND(H40,2),2) -> 0 | L40: =J40-K40 -> 0 | M40: =ROUND(K40*D40,2) -> 0 | N40: =O40-M40 -> 0 | O40: =ROUND(D40*J40,2) -> 0 | P40: Item
A41: 1.6 | B41: ESTRUTURA E FECHAMENTO | O41: =O42+O44 -> 0 | P41: Etapa
A42: 1.6.1 | B42: RADIER | M42: =SUM(M43:M43) -> 0 | N42: =SUM(N43:N43) -> 0 | O42: =SUM(O43:O43) -> 0 | P42: Etapa
A43: 1.6.1.1 | B43: EXECUÇÃO DE RADIER, ESPESSURA DE 15 CM, FCK = 30 MPA, COM USO DE FORMAS EM MADEIRA SERRADA. AF_09/2021 | C43: M2 | D43: 59.25 | E43: 278.958 | F43: 23.54 | G43: 344.63 | I43: =ROUND('BDI Principal'!D14,2) -> 23.54 | J43: =ROUND((ROUND(H43,2)*I43/100)+ROUND(H43,2),2) -> 0 | L43: =J43-K43 -> 0 | M43: =ROUND(K43*D43,2) -> 0 | N43: =O43-M43 -> 0 | O43: =ROUND(D43*J43,2) -> 0 | P43: Item
A44: 1.6.2 | B44: ALVENARIA ESTRUTURAL | M44: =SUM(M45:M53) -> 0 | N44: =SUM(N45:N53) -> 0 | O44: =SUM(O45:O53) -> 0 | P44: Etapa
A45: 1.6.2.1 | B45: ALVENARIA DE BLOCOS DE CONCRETO ESTRUTURAL 14X19X39 CM (ESPESSURA 14 CM), FBK = 14 MPA, UTILIZANDO COLHER DE PEDREIRO, INCLUSO FECHAMENTO DE OITÕES | C45: M2 | D45: 173.66 | E45: 134.729 | F45: 23.54 | G45: 166.45 | I45: =ROUND('BDI Principal'!D14,2) -> 23.54 | J45: =ROUND((ROUND(H45,2)*I45/100)+ROUND(H45,2),2) -> 0 | L45: =J45-K45 -> 0 | M45: =ROUND(K45*D45,2) -> 0 | N45: =O45-M45 -> 0 | O45: =ROUND(D45*J45,2) -> 0 | P45: Item
A46: 1.6.2.2 | B46: ARMAÇÃO VERTICAL DE ALVENARIA ESTRUTURAL; DIÂMETRO DE 10,0 MM. AF_09/2021 | C46: KG | D46: 155.48 | E46: 10.241 | F46: 23.54 | G46: 12.65 | I46: =ROUND('BDI Principal'!D14,2) -> 23.54 | J46: =ROUND((ROUND(H46,2)*I46/100)+ROUND(H46,2),2) -> 0 | L46: =J46-K46 -> 0 | M46: =ROUND(K46*D46,2) -> 0 | N46: =O46-M46 -> 0 | O46: =ROUND(D46*J46,2) -> 0 | P46: Item
A47: 1.6.2.3 | B47: ARMAÇÃO DE CINTA DE ALVENARIA ESTRUTURAL; DIÂMETRO DE 10,0 MM. AF_09/2021 | C47: KG | D47: 147.76 | E47: 9.5855 | F47: 23.54 | G47: 11.85 | I47: =ROUND('BDI Principal'!D14,2) -> 23.54 | J47: =ROUND((ROUND(H47,2)*I47/100)+ROUND(H47,2),2) -> 0 | L47: =J47-K47 -> 0 | M47: =ROUND(K47*D47,2) -> 0 | N47: =O47-M47 -> 0 | O47: =ROUND(D47*J47,2) -> 0 | P47: Item
A48: 1.6.2.4 | B48: GRAUTEAMENTO VERTICAL EM ALVENARIA ESTRUTURAL. AF_09/2021 | C48: M3 | D48: 0.63 | E48: 1198.7195 | F48: 23.54 | G48: 1480.9 | I48: =ROUND('BDI Principal'!D14,2) -> 23.54 | J48: =ROUND((ROUND(H48,2)*I48/100)+ROUND(H48,2),2) -> 0 | L48: =J48-K48 -> 0 | M48: =ROUND(K48*D48,2) -> 0 | N48: =O48-M48 -> 0 | O48: =ROUND(D48*J48,2) -> 0 | P48: Item
A49: 1.6.2.5 | B49: GRAUTEAMENTO DE CINTA SUPERIOR OU DE VERGA EM ALVENARIA ESTRUTURAL. AF_09/2021 | C49: M3 | D49: 0.6 | E49: 1153.4235 | F49: 23.54 | G49: 1424.94 | I49: =ROUND('BDI Principal'!D14,2) -> 23.54 | J49: =ROUND((ROUND(H49,2)*I49/100)+ROUND(H49,2),2) -> 0 | L49: =J49-K49 -> 0 | M49: =ROUND(K49*D49,2) -> 0 | N49: =O49-M49 -> 0 | O49: =ROUND(D49*J49,2) -> 0 | P49: Item
A50: 1.6.2.6 | B50: VERGA MOLDADA IN LOCO EM CONCRETO, ESPESSURA DE *10* CM. AF_03/2024 | C50: M | D50: 27.6 | E50: 71.212 | F50: 23.54 | G50: 87.97 | I50: =ROUND('BDI Principal'!D14,2) -> 23.54 | J50: =ROUND((ROUND(H50,2)*I50/100)+ROUND(H50,2),2) -> 0 | L50: =J50-K50 -> 0 | M50: =ROUND(K50*D50,2) -> 0 | N50: =O50-M50 -> 0 | O50: =ROUND(D50*J50,2) -> 0 | P50: Item
A51: 1.6.2.7 | B51: CONTRAVERGA MOLDADA IN LOCO COM UTILIZAÇÃO DE BLOCOS CANALETA, ESPESSURA DE *10* CM. AF_03/2024 | C51: M | D51: 12.6 | E51: 34.428 | F51: 23.54 | G51: 42.53 | I51: =ROUND('BDI Principal'!D14,2) -> 23.54 | J51: =ROUND((ROUND(H51,2)*I51/100)+ROUND(H51,2),2) -> 0 | L51: =J51-K51 -> 0 | M51: =ROUND(K51*D51,2) -> 0 | N51: =O51-M51 -> 0 | O51: =ROUND(D51*J51,2) -> 0 | P51: Item
A52: 1.6.2.8 | B52: FECHAMENTO E PORTA EM GRADE DE FERRO, COM GUARNIÇÕES PARA ABRIGO DE CILINDROS DE GÁS | C52: M2 | D52: 10.86 | E52: 739.7935 | F52: 23.54 | G52: 913.94 | I52: =ROUND('BDI Principal'!D14,2) -> 23.54 | J52: =ROUND((ROUND(H52,2)*I52/100)+ROUND(H52,2),2) -> 0 | L52: =J52-K52 -> 0 | M52: =ROUND(K52*D52,2) -> 0 | N52: =O52-M52 -> 0 | O52: =ROUND(D52*J52,2) -> 0 | P52: Item
A53: 1.6.2.9 | B53: PILAR METÁLICO QUADRADO, EM AÇO GALVANIZADO, COMPOSTO POR DOIS PERFIS U SOLDADOS (75X40MM), INCLUSO PINTURA DE PROTEÇÃO | C53: M | D53: 11 | E53: 258.476 | F53: 23.54 | G53: 319.33 | I53: =ROUND('BDI Principal'!D14,2) -> 23.54 | J53: =ROUND((ROUND(H53,2)*I53/100)+ROUND(H53,2),2) -> 0 | L53: =J53-K53 -> 0 | M53: =ROUND(K53*D53,2) -> 0 | N53: =O53-M53 -> 0 | O53: =ROUND(D53*J53,2) -> 0 | P53: Item
A54: 1.7 | B54: REVESTIMENTOS | M54: =SUM(M55:M57) -> 0 | N54: =SUM(N55:N57) -> 0 | O54: =SUM(O55:O57) -> 0 | P54: Etapa
A55: 1.7.1 | B55: CHAPISCO APLICADO EM ALVENARIAS E ESTRUTURAS DE CONCRETO INTERNAS, COM COLHER DE PEDREIRO. ARGAMASSA TRAÇO 1:3 COM PREPARO EM BETONEIRA 400L, INCLUINDO REQUADRO EM ÁREA DE DEMOLIÇÃO E AJUSTE DE ABERTURAS E OITÕES | C55: M2 | D55: 305.91 | E55: 5.358 | F55: 23.54 | G55: 6.62 | I55: =ROUND('BDI Principal'!D14,2) -> 23.54 | J55: =ROUND((ROUND(H55,2)*I55/100)+ROUND(H55,2),2) -> 0 | L55: =J55-K55 -> 0 | M55: =ROUND(K55*D55,2) -> 0 | N55: =O55-M55 -> 0 | O55: =ROUND(D55*J55,2) -> 0 | P55: Item
A56: 1.7.2 | B56: MASSA ÚNICA, EM ARGAMASSA TRAÇO 1:2:8, PREPARO MECÂNICO, APLICADA MANUALMENTE EM PAREDES INTERNAS, COM TALISCAS, INCLUINDO EMBOÇO INCLUINDO REQUADRO EM ÁREA DE DEMOLIÇÃO E AJUSTE DE ABERTURAS E OITÕES | C56: M2 | D56: 305.91 | E56: 42.1515 | F56: 23.54 | G56: 52.07 | I56: =ROUND('BDI Principal'!D14,2) -> 23.54 | J56: =ROUND((ROUND(H56,2)*I56/100)+ROUND(H56,2),2) -> 0 | L56: =J56-K56 -> 0 | M56: =ROUND(K56*D56,2) -> 0 | N56: =O56-M56 -> 0 | O56: =ROUND(D56*J56,2) -> 0 | P56: Item
A57: 1.7.3 | B57: REVESTIMENTO CERÂMICO PARA PAREDES INTERNAS COM PLACAS TIPO ESMALTADA, RETIFICADAS, DE DIMENSÕES 33X45 CM, PODENDO SER ASSENTADA SOBRE REVESTIMENTO EXISTENTE | C57: M2 | D57: 135.03 | E57: 64.5715 | F57: 23.54 | G57: 79.77 | I57: =ROUND('BDI Principal'!D14,2) -> 23.54 | J57: =ROUND((ROUND(H57,2)*I57/100)+ROUND(H57,2),2) -> 0 | L57: =J57-K57 -> 0 | M57: =ROUND(K57*D57,2) -> 0 | N57: =O57-M57 -> 0 | O57: =ROUND(D57*J57,2) -> 0 | P57: Item
A58: 1.8 | B58: PINTURAS | M58: =SUM(M59:M68) -> 0 | N58: =SUM(N59:N68) -> 0 | O58: =SUM(O59:O68) -> 0 | P58: Etapa
A59: 1.8.1 | B59: LIMPEZA DE RUA COM JATO DE ALTA PRESSÃO. AF_10/2025 | C59: M2 | D59: 209.83 | E59: 0.665 | F59: 23.54 | G59: 0.83 | I59: =ROUND('BDI Principal'!D14,2) -> 23.54 | J59: =ROUND((ROUND(H59,2)*I59/100)+ROUND(H59,2),2) -> 0 | L59: =J59-K59 -> 0 | M59: =ROUND(K59*D59,2) -> 0 | N59: =O59-M59 -> 0 | O59: =ROUND(D59*J59,2) -> 0 | P59: Item
A60: 1.8.2 | B60: FUNDO SELADOR ACRÍLICO, APLICAÇÃO MANUAL EM PAREDE, UMA DEMÃO. AF_04/2023 | C60: M2 | D60: 584.95 | E60: 4.161 | F60: 23.54 | G60: 5.14 | I60: =ROUND('BDI Principal'!D14,2) -> 23.54 | J60: =ROUND((ROUND(H60,2)*I60/100)+ROUND(H60,2),2) -> 0 | L60: =J60-K60 -> 0 | M60: =ROUND(K60*D60,2) -> 0 | N60: =O60-M60 -> 0 | O60: =ROUND(D60*J60,2) -> 0 | P60: Item
A61: 1.8.3 | B61: EMASSAMENTO COM MASSA LÁTEX, APLICAÇÃO EM PAREDE, DUAS DEMÃOS, LIXAMENTO MANUAL. AF_04/2023 | C61: M2 | D61: 304.15 | E61: 21.014 | F61: 23.54 | G61: 25.96 | I61: =ROUND('BDI Principal'!D14,2) -> 23.54 | J61: =ROUND((ROUND(H61,2)*I61/100)+ROUND(H61,2),2) -> 0 | L61: =J61-K61 -> 0 | M61: =ROUND(K61*D61,2) -> 0 | N61: =O61-M61 -> 0 | O61: =ROUND(D61*J61,2) -> 0 | P61: Item
A62: 1.8.4 | B62: PINTURA LÁTEX ACRÍLICA PREMIUM, APLICAÇÃO MANUAL EM PAREDES, DUAS DEMÃOS. AF_04/2023 | C62: M2 | D62: 304.15 | E62: 11.343 | F62: 23.54 | G62: 14.01 | I62: =ROUND('BDI Principal'!D14,2) -> 23.54 | J62: =ROUND((ROUND(H62,2)*I62/100)+ROUND(H62,2),2) -> 0 | L62: =J62-K62 -> 0 | M62: =ROUND(K62*D62,2) -> 0 | N62: =O62-M62 -> 0 | O62: =ROUND(D62*J62,2) -> 0 | P62: Item
A63: 1.8.5 | B63: PINTURA LÁTEX ACRÍLICA , APLICAÇÃO MANUAL EM PAREDES EXTERNAS | C63: M2 | D63: 280.8 | E63: 11.343 | F63: 23.54 | G63: 14.01 | I63: =ROUND('BDI Principal'!D14,2) -> 23.54 | J63: =ROUND((ROUND(H63,2)*I63/100)+ROUND(H63,2),2) -> 0 | L63: =J63-K63 -> 0 | M63: =ROUND(K63*D63,2) -> 0 | N63: =O63-M63 -> 0 | O63: =ROUND(D63*J63,2) -> 0 | P63: Item
A64: 1.8.6 | B64: FUNDO SELADOR ACRÍLICO, APLICAÇÃO MANUAL EM TETO, UMA DEMÃO. AF_04/2023 | C64: M2 | D64: 59.7 | E64: 5.301 | F64: 23.54 | G64: 6.55 | I64: =ROUND('BDI Principal'!D14,2) -> 23.54 | J64: =ROUND((ROUND(H64,2)*I64/100)+ROUND(H64,2),2) -> 0 | L64: =J64-K64 -> 0 | M64: =ROUND(K64*D64,2) -> 0 | N64: =O64-M64 -> 0 | O64: =ROUND(D64*J64,2) -> 0 | P64: Item
A65: 1.8.7 | B65: PINTURA LÁTEX ACRÍLICA PREMIUM, APLICAÇÃO MANUAL EM TETO, DUAS DEMÃOS. AF_04/2023 | C65: M2 | D65: 59.7 | E65: 16.1405 | F65: 23.54 | G65: 19.94 | I65: =ROUND('BDI Principal'!D14,2) -> 23.54 | J65: =ROUND((ROUND(H65,2)*I65/100)+ROUND(H65,2),2) -> 0 | L65: =J65-K65 -> 0 | M65: =ROUND(K65*D65,2) -> 0 | N65: =O65-M65 -> 0 | O65: =ROUND(D65*J65,2) -> 0 | P65: Item
A66: 1.8.8 | B66: PINTURA COM TINTA ALQUÍDICA DE ACABAMENTO (ESMALTE SINTÉTICO BRILHANTE) APLICADA A ROLO OU PINCEL EM ESQUADRIAS DE AÇO | C66: M2 | D66: 33.96 | E66: 58.995 | F66: 23.54 | G66: 72.89 | I66: =ROUND('BDI Principal'!D14,2) -> 23.54 | J66: =ROUND((ROUND(H66,2)*I66/100)+ROUND(H66,2),2) -> 0 | L66: =J66-K66 -> 0 | M66: =ROUND(K66*D66,2) -> 0 | N66: =O66-M66 -> 0 | O66: =ROUND(D66*J66,2) -> 0 | P66: Item
A67: 1.8.9 | B67: PINTURA TINTA DE ACABAMENTO (PIGMENTADA) ESMALTE SINTÉTICO ACETINADO EM MADEIRA, 2 DEMÃOS. AF_01/2021 | C67: M2 | D67: 31.5 | E67: 19.6935 | F67: 23.54 | G67: 24.33 | I67: =ROUND('BDI Principal'!D14,2) -> 23.54 | J67: =ROUND((ROUND(H67,2)*I67/100)+ROUND(H67,2),2) -> 0 | L67: =J67-K67 -> 0 | M67: =ROUND(K67*D67,2) -> 0 | N67: =O67-M67 -> 0 | O67: =ROUND(D67*J67,2) -> 0 | P67: Item
A68: 1.8.10 | B68: PINTURA COM TINTA ACRÍLICA DE ACABAMENTO PULVERIZADA SOBRE MUROS EXECUTADO EM OBRA (02 DEMÃOS) | C68: M2 | D68: 69 | E68: 26.5145 | F68: 23.54 | G68: 32.75 | I68: =ROUND('BDI Principal'!D14,2) -> 23.54 | J68: =ROUND((ROUND(H68,2)*I68/100)+ROUND(H68,2),2) -> 0 | L68: =J68-K68 -> 0 | M68: =ROUND(K68*D68,2) -> 0 | N68: =O68-M68 -> 0 | O68: =ROUND(D68*J68,2) -> 0 | P68: Item
A69: 1.9 | B69: PAVIMENTAÇÃO | M69: =SUM(M70:M78) -> 0 | N69: =SUM(N70:N78) -> 0 | O69: =SUM(O70:O78) -> 0 | P69: Etapa
A70: 1.9.1 | B70: LASTRO COM MATERIAL GRANULAR (PEDRA BRITADA N.2), APLICADO EM PISOS OU LAJES SOBRE SOLO, ESPESSURA DE *10 CM*. AF_01/2024 | C70: M3 | D70: 11.8 | E70: 197.942 | F70: 23.54 | G70: 244.54 | I70: =ROUND('BDI Principal'!D14,2) -> 23.54 | J70: =ROUND((ROUND(H70,2)*I70/100)+ROUND(H70,2),2) -> 0 | L70: =J70-K70 -> 0 | M70: =ROUND(K70*D70,2) -> 0 | N70: =O70-M70 -> 0 | O70: =ROUND(D70*J70,2) -> 0 | P70: Item
A71: 1.9.2 | B71: PISO INDUSTRIAL EM CONCRETO ARMADO DE ACABAMENTO POLIDO, ESPESSURA 12 CM (CIMENTO QUEIMADO) (INCLUSO MATERIAIS E EXECUCAO) | C71: M2 | D71: 58.7 | E71: 148.64 | F71: 23.54 | G71: 183.63 | I71: =ROUND('BDI Principal'!D14,2) -> 23.54 | J71: =ROUND((ROUND(H71,2)*I71/100)+ROUND(H71,2),2) -> 0 | L71: =J71-K71 -> 0 | M71: =ROUND(K71*D71,2) -> 0 | N71: =O71-M71 -> 0 | O71: =ROUND(D71*J71,2) -> 0 | P71: Item
A72: 1.9.3 | B72: CONTRAPISO EM ARGAMASSA TRAÇO 1:4 (CIMENTO E AREIA), PREPARO MANUAL, APLICADO EM ÁREAS SECAS SOBRE LAJE, ADERIDO, ACABAMENTO NÃO REFORÇADO, ESPESSURA 2CM, INCLUSO ESCADA, EXCETO PALCO E PISTA DE DANÇA | C72: M2 | D72: 24.6 | E72: 40.6885 | F72: 23.54 | G72: 50.27 | I72: =ROUND('BDI Principal'!D14,2) -> 23.54 | J72: =ROUND((ROUND(H72,2)*I72/100)+ROUND(H72,2),2) -> 0 | L72: =J72-K72 -> 0 | M72: =ROUND(K72*D72,2) -> 0 | N72: =O72-M72 -> 0 | O72: =ROUND(D72*J72,2) -> 0 | P72: Item
A73: 1.9.4 | B73: REVESTIMENTO CERÂMICO PARA PISO COM PLACAS TIPO PORCELANATO DE DIMENSÕES 80X80 CM APLICADA CONFORME DESCRITO EM PLANTA | C73: M2 | D73: 90.11 | E73: 101.897 | F73: 23.54 | G73: 125.89 | I73: =ROUND('BDI Principal'!D14,2) -> 23.54 | J73: =ROUND((ROUND(H73,2)*I73/100)+ROUND(H73,2),2) -> 0 | L73: =J73-K73 -> 0 | M73: =ROUND(K73*D73,2) -> 0 | N73: =O73-M73 -> 0 | O73: =ROUND(D73*J73,2) -> 0 | P73: Item
A74: 1.9.5 | B74: RODAPÉ CERÂMICO DE 7CM DE ALTURA COM PLACAS TIPO PORCELANATO DE DIMENSÕES 80X80CM | C74: M | D74: 138.8 | E74: 12.8535 | F74: 23.54 | G74: 15.87 | I74: =ROUND('BDI Principal'!D14,2) -> 23.54 | J74: =ROUND((ROUND(H74,2)*I74/100)+ROUND(H74,2),2) -> 0 | L74: =J74-K74 -> 0 | M74: =ROUND(K74*D74,2) -> 0 | N74: =O74-M74 -> 0 | O74: =ROUND(D74*J74,2) -> 0 | P74: Item
A75: 1.9.6 | B75: PINTURA DE PISO COM TINTA PU (POLIURETANO), BICOMPONENTE, 02 DEMÃOS, INCLUSO PRIMER | C75: M2 | D75: 58.7 | E75: 46.2365 | F75: 23.54 | G75: 57.12 | I75: =ROUND('BDI Principal'!D14,2) -> 23.54 | J75: =ROUND((ROUND(H75,2)*I75/100)+ROUND(H75,2),2) -> 0 | L75: =J75-K75 -> 0 | M75: =ROUND(K75*D75,2) -> 0 | N75: =O75-M75 -> 0 | O75: =ROUND(D75*J75,2) -> 0 | P75: Item
A76: 1.9.7 | B76: GUIA DE BALIZAMENTO 5CM X 15CM, EM CONCRETO ARMADO FCK 20 MPA, MOLDADO IN LOCO, COM PINTURA ACRILICA PARA SUPERFÍCIES DE CONCRETO, COR AMARELA | C76: M | D76: 10.9 | E76: 31.6445 | F76: 23.54 | G76: 39.09 | I76: =ROUND('BDI Principal'!D14,2) -> 23.54 | J76: =ROUND((ROUND(H76,2)*I76/100)+ROUND(H76,2),2) -> 0 | L76: =J76-K76 -> 0 | M76: =ROUND(K76*D76,2) -> 0 | N76: =O76-M76 -> 0 | O76: =ROUND(D76*J76,2) -> 0 | P76: Item
A77: 1.9.8 | B77: CALHA PLUVIAL DE PISO REFORÇADA EM PVC COM DIMENSÕES DE 13X7,5X100CM, INCLUSO GRELHA REFORÇADA - FORNECIMENTO E INSTALAÇÃO | C77: M | D77: 7.35 | E77: 247.5 | F77: 23.54 | G77: 305.76 | I77: =ROUND('BDI Principal'!D14,2) -> 23.54 | J77: =ROUND((ROUND(H77,2)*I77/100)+ROUND(H77,2),2) -> 0 | L77: =J77-K77 -> 0 | M77: =ROUND(K77*D77,2) -> 0 | N77: =O77-M77 -> 0 | O77: =ROUND(D77*J77,2) -> 0 | P77: Item
A78: 1.9.9 | B78: CAIXA ENTERRADA SEPARADORA PARA ÁREA DE HIGIENIZAÇÃO DE AMBULANCIAS CONFORME NORMAS INCLUSO MATERIAIS, TUBULAÇÃO E MÃO DE OBRA | C78: UN | D78: 1 | E78: 2001.536 | F78: 23.54 | G78: 2472.7 | I78: =ROUND('BDI Principal'!D14,2) -> 23.54 | J78: =ROUND((ROUND(H78,2)*I78/100)+ROUND(H78,2),2) -> 0 | L78: =J78-K78 -> 0 | M78: =ROUND(K78*D78,2) -> 0 | N78: =O78-M78 -> 0 | O78: =ROUND(D78*J78,2) -> 0 | P78: Item
A79: 1.10 | B79: ESQUADRIAS/ FERRAGENS | M79: =SUM(M80:M84) -> 0 | N79: =SUM(N80:N84) -> 0 | O79: =SUM(O80:O84) -> 0 | P79: Etapa
A80: 1.10.1 | B80: JANELA DE ALUMÍNIO BASCULANTE, BATENTE/ REQUADRO 3 A 14 CM, VIDRO INCLUSO, FIXAÇÃO COM PARAFUSO, SEM GUARNIÇÃO/ ALIZAR, VEDAÇÃO COM SILICONE, COM DISPOSITIVO DE ABERTURA ATENDENDO A NBR 9050 - FORNECIMENTO E INSTALAÇÃO | C80: M2 | D80: 0.96 | E80: 703.209 | F80: 23.54 | G80: 868.75 | I80: =ROUND('BDI Principal'!D14,2) -> 23.54 | J80: =ROUND((ROUND(H80,2)*I80/100)+ROUND(H80,2),2) -> 0 | L80: =J80-K80 -> 0 | M80: =ROUND(K80*D80,2) -> 0 | N80: =O80-M80 -> 0 | O80: =ROUND(D80*J80,2) -> 0 | P80: Item
A81: 1.10.2 | B81: JANELA DE ALUMÍNIO DE CORRER COM 4 FOLHAS PARA VIDROSVIDRO INCLUSO, FIXAÇÃO COM PARAFUSO, SEM GUARNIÇÃO/ ALIZAR, VEDAÇÃO COM SILICONE, COM DISPOSITIVO DE ABERTURA ATENDENDO A NBR 9050 - FORNECIMENTO E INSTALAÇÃO | C81: M2 | D81: 8.25 | E81: 413.706 | F81: 23.54 | G81: 511.1 | I81: =ROUND('BDI Principal'!D14,2) -> 23.54 | J81: =ROUND((ROUND(H81,2)*I81/100)+ROUND(H81,2),2) -> 0 | L81: =J81-K81 -> 0 | M81: =ROUND(K81*D81,2) -> 0 | N81: =O81-M81 -> 0 | O81: =ROUND(D81*J81,2) -> 0 | P81: Item
A82: 1.10.3 | B82: PORTA DE ALUMÍNIO DE ABRIR COM LAMBRI, COM GUARNIÇÃO, FIXAÇÃO COM PARAFUSOS - FORNECIMENTO E INSTALAÇÃO. AF_12/2019 | C82: M2 | D82: 9.45 | E82: 1322.096 | F82: 23.54 | G82: 1633.32 | I82: =ROUND('BDI Principal'!D14,2) -> 23.54 | J82: =ROUND((ROUND(H82,2)*I82/100)+ROUND(H82,2),2) -> 0 | L82: =J82-K82 -> 0 | M82: =ROUND(K82*D82,2) -> 0 | N82: =O82-M82 -> 0 | O82: =ROUND(D82*J82,2) -> 0 | P82: Item
A83: 1.10.4 | B83: KIT DE PORTA DE MADEIRA LAQUEADA EM FÁBRICA, SEMI-OCA (LEVE OU MÉDIA) 80X210CM, ESPESSURA DE 3,5CM, ITENS INCLUSOS: DOBRADIÇAS, MONTAGEM E INSTALAÇÃO DO BATENTE, FECHADURA COM EXECUÇÃO DO FURO - FORNECIMENTO E INSTALAÇÃO - NÃO SERÃO ACEITAS IMPERFEIÇÕES | C83: UN | D83: 2 | E83: 1177.4015 | F83: 23.54 | G83: 1454.56 | I83: =ROUND('BDI Principal'!D14,2) -> 23.54 | J83: =ROUND((ROUND(H83,2)*I83/100)+ROUND(H83,2),2) -> 0 | L83: =J83-K83 -> 0 | M83: =ROUND(K83*D83,2) -> 0 | N83: =O83-M83 -> 0 | O83: =ROUND(D83*J83,2) -> 0 | P83: Item
A84: 1.10.5 | B84: KIT DE PORTA DE MADEIRA LAQUEADA EM FÁBRICA, SEMI-OCA (LEVE OU MÉDIA) 90X210CM, ESPESSURA DE 3,5CM, ITENS INCLUSOS: DOBRADIÇAS, MONTAGEM E INSTALAÇÃO DO BATENTE, FECHADURA COM EXECUÇÃO DO FURO - FORNECIMENTO E INSTALAÇÃO - NÃO SERÃO ACEITAS IMPERFEIÇÕES | C84: UN | D84: 4 | E84: 1312.254 | F84: 23.54 | G84: 1621.15 | I84: =ROUND('BDI Principal'!D14,2) -> 23.54 | J84: =ROUND((ROUND(H84,2)*I84/100)+ROUND(H84,2),2) -> 0 | L84: =J84-K84 -> 0 | M84: =ROUND(K84*D84,2) -> 0 | N84: =O84-M84 -> 0 | O84: =ROUND(D84*J84,2) -> 0 | P84: Item
A85: 1.11 | B85: LOUÇAS, EQUIPAMENTOS E APARELHOS SANITÁRIOS | O85: =O86 -> 0 | P85: Etapa
A86: 1.11.1 | B86: SANITÁRIOS | M86: =SUM(M87:M94) -> 0 | N86: =SUM(N87:N94) -> 0 | O86: =SUM(O87:O94) -> 0 | P86: Etapa
A87: 1.11.1.1 | B87: BANCADA GRANITO CINZA, 50 X 60 CM, INCL. CUBA DE EMBUTIR OVAL LOUÇA BRANCA 35 X 50 CM, VÁLVULA METAL CROMADO, SIFÃO FLEXÍVEL PVC, ENGATE 30 CM FLEXÍVEL PLÁSTICO E TORNEIRA CROMADA DE MESA - FORNEC. E INSTALAÇÃO - SANITÁRIOS | C87: UN | D87: 2 | E87: 929.7365 | F87: 23.54 | G87: 1148.6 | I87: =ROUND('BDI Principal'!D14,2) -> 23.54 | J87: =ROUND((ROUND(H87,2)*I87/100)+ROUND(H87,2),2) -> 0 | L87: =J87-K87 -> 0 | M87: =ROUND(K87*D87,2) -> 0 | N87: =O87-M87 -> 0 | O87: =ROUND(D87*J87,2) -> 0 | P87: Item
A88: 1.11.1.2 | B88: VASO SANITÁRIO SIFONADO COM CAIXA ACOPLADA LOUÇA BRANCA - PADRÃO MÉDIO, INCLUSO ENGATE FLEXÍVEL EM METAL CROMADO, 1/2 X 40CM - FORNECIMENTO E INSTALAÇÃO. AF_01/2020 | C88: UN | D88: 2 | E88: 530.7555 | F88: 23.54 | G88: 655.7 | I88: =ROUND('BDI Principal'!D14,2) -> 23.54 | J88: =ROUND((ROUND(H88,2)*I88/100)+ROUND(H88,2),2) -> 0 | L88: =J88-K88 -> 0 | M88: =ROUND(K88*D88,2) -> 0 | N88: =O88-M88 -> 0 | O88: =ROUND(D88*J88,2) -> 0 | P88: Item
A89: 1.11.1.3 | B89: ASSENTO SANITÁRIO CONVENCIONAL - FORNECIMENTO E INSTALACAO. AF_01/2020 | C89: UN | D89: 2 | E89: 47.405 | F89: 23.54 | G89: 58.57 | I89: =ROUND('BDI Principal'!D14,2) -> 23.54 | J89: =ROUND((ROUND(H89,2)*I89/100)+ROUND(H89,2),2) -> 0 | L89: =J89-K89 -> 0 | M89: =ROUND(K89*D89,2) -> 0 | N89: =O89-M89 -> 0 | O89: =ROUND(D89*J89,2) -> 0 | P89: Item
A90: 1.11.1.4 | B90: PAPELEIRA PLASTICA TIPO DISPENSER PARA PAPEL HIGIENICO ROLAO | C90: UN | D90: 2 | E90: 58.349 | F90: 23.54 | G90: 72.09 | I90: =ROUND('BDI Principal'!D14,2) -> 23.54 | J90: =ROUND((ROUND(H90,2)*I90/100)+ROUND(H90,2),2) -> 0 | L90: =J90-K90 -> 0 | M90: =ROUND(K90*D90,2) -> 0 | N90: =O90-M90 -> 0 | O90: =ROUND(D90*J90,2) -> 0 | P90: Item
A91: 1.11.1.5 | B91: TOALHEIRO PLASTICO TIPO DISPENSER PARA PAPEL TOALHA INTERFOLHADO | C91: UN | D91: 2 | E91: 58.349 | F91: 23.54 | G91: 72.09 | I91: =ROUND('BDI Principal'!D14,2) -> 23.54 | J91: =ROUND((ROUND(H91,2)*I91/100)+ROUND(H91,2),2) -> 0 | L91: =J91-K91 -> 0 | M91: =ROUND(K91*D91,2) -> 0 | N91: =O91-M91 -> 0 | O91: =ROUND(D91*J91,2) -> 0 | P91: Item
A92: 1.11.1.6 | B92: SABONETEIRA PLASTICA TIPO DISPENSER PARA SABONETE LIQUIDO COM RESERVATORIO 800 A 1500 ML | C92: UN | D92: 2 | E92: 56.05 | F92: 23.54 | G92: 69.24 | I92: =ROUND('BDI Principal'!D14,2) -> 23.54 | J92: =ROUND((ROUND(H92,2)*I92/100)+ROUND(H92,2),2) -> 0 | L92: =J92-K92 -> 0 | M92: =ROUND(K92*D92,2) -> 0 | N92: =O92-M92 -> 0 | O92: =ROUND(D92*J92,2) -> 0 | P92: Item
A93: 1.11.1.7 | B93: ESPELHO CRISTAL E = 4 MM - BORDA BISOTE | C93: M2 | D93: 1.92 | E93: 313.177 | F93: 23.54 | G93: 386.9 | I93: =ROUND('BDI Principal'!D14,2) -> 23.54 | J93: =ROUND((ROUND(H93,2)*I93/100)+ROUND(H93,2),2) -> 0 | L93: =J93-K93 -> 0 | M93: =ROUND(K93*D93,2) -> 0 | N93: =O93-M93 -> 0 | O93: =ROUND(D93*J93,2) -> 0 | P93: Item
A94: 1.11.1.8 | B94: CABIDE/GANCHO DE BANHEIRO SIMPLES EM METAL CROMADO | C94: UN | D94: 2 | E94: 23.218 | F94: 23.54 | G94: 28.69 | I94: =ROUND('BDI Principal'!D14,2) -> 23.54 | J94: =ROUND((ROUND(H94,2)*I94/100)+ROUND(H94,2),2) -> 0 | L94: =J94-K94 -> 0 | M94: =ROUND(K94*D94,2) -> 0 | N94: =O94-M94 -> 0 | O94: =ROUND(D94*J94,2) -> 0 | P94: Item
A95: 1.12 | B95: INSTALACÕES ELÉTRICAS | O95: =O96+O99+O105+O111+O117+O121+O123 -> 0 | P95: Etapa
A96: 1.12.1 | B96: ACESSÓRIOS ELETRODUTOS | M96: =SUM(M97:M98) -> 0 | N96: =SUM(N97:N98) -> 0 | O96: =SUM(O97:O98) -> 0 | P96: Etapa
A97: 1.12.1.1 | B97: CAIXA OCTOGONAL 3" X 3", PVC, INSTALADA EM LAJE - FORNECIMENTO E INSTALAÇÃO. AF_03/2023 | C97: UN | D97: 23 | E97: 19.38 | F97: 23.54 | G97: 23.94 | I97: =ROUND('BDI Principal'!D14,2) -> 23.54 | J97: =ROUND((ROUND(H97,2)*I97/100)+ROUND(H97,2),2) -> 0 | L97: =J97-K97 -> 0 | M97: =ROUND(K97*D97,2) -> 0 | N97: =O97-M97 -> 0 | O97: =ROUND(D97*J97,2) -> 0 | P97: Item
A98: 1.12.1.2 | B98: CAIXA RETANGULAR 4" X 2" BAIXA (0,30 M DO PISO), PVC, INSTALADA EM PAREDE - FORNECIMENTO E INSTALAÇÃO. AF_03/2023 | C98: UN | D98: 61 | E98: 14.3925 | F98: 23.54 | G98: 17.78 | I98: =ROUND('BDI Principal'!D14,2) -> 23.54 | J98: =ROUND((ROUND(H98,2)*I98/100)+ROUND(H98,2),2) -> 0 | L98: =J98-K98 -> 0 | M98: =ROUND(K98*D98,2) -> 0 | N98: =O98-M98 -> 0 | O98: =ROUND(D98*J98,2) -> 0 | P98: Item
A99: 1.12.2 | B99: CABOS | M99: =SUM(M100:M104) -> 0 | N99: =SUM(N100:N104) -> 0 | O99: =SUM(O100:O104) -> 0 | P99: Etapa
A100: 1.12.2.1 | B100: CABO DE COBRE FLEXÍVEL ISOLADO, 10 MM², 0,6/1,0 KV, PARA REDE AÉREA DE DISTRIBUIÇÃO DE ENERGIA ELÉTRICA DE BAIXA TENSÃO - FORNECIMENTO E INSTALAÇÃO. AF_12/2025 | C100: M | D100: 40.4 | E100: 11.5045 | F100: 23.54 | G100: 14.21 | I100: =ROUND('BDI Principal'!D14,2) -> 23.54 | J100: =ROUND((ROUND(H100,2)*I100/100)+ROUND(H100,2),2) -> 0 | L100: =J100-K100 -> 0 | M100: =ROUND(K100*D100,2) -> 0 | N100: =O100-M100 -> 0 | O100: =ROUND(D100*J100,2) -> 0 | P100: Item
A101: 1.12.2.2 | B101: CABO DE COBRE FLEXÍVEL ISOLADO, 1,5 MM², ANTI-CHAMA 450/750 V, PARA CIRCUITOS TERMINAIS - FORNECIMENTO E INSTALAÇÃO. AF_03/2023 | C101: M | D101: 405.6 | E101: 3.6765 | F101: 23.54 | G101: 4.55 | I101: =ROUND('BDI Principal'!D14,2) -> 23.54 | J101: =ROUND((ROUND(H101,2)*I101/100)+ROUND(H101,2),2) -> 0 | L101: =J101-K101 -> 0 | M101: =ROUND(K101*D101,2) -> 0 | N101: =O101-M101 -> 0 | O101: =ROUND(D101*J101,2) -> 0 | P101: Item
...

Sheet Cronograma
A1: Prefeitura Municipal de Ibicaré - SC
A2: Orcamento de obra - SAMU
A3: Data: | B3: =DADOS!C3 -> 15/05/2026
A4: Empresa: | B4: =DADOS!C7 -> 0 | G4: Telefone: | H4: =DADOS!C9
A5: CNPJ: | B5: =DADOS!C8 | D5: Cidade: | E5: =DADOS!C13 -> 0 | H5: UF: | I5: =DADOS!C14 -> 0
A7: Item | B7: Etapa | C7: Total R$ | D7: % Mês 1 | E7: R$ Mês 1 | F7: % Mês 2 | G7: R$ Mês 2 | H7: % Mês 3 | I7: R$ Mês 3 | J7: % Mês 4 | K7: R$ Mês 4 | L7: % Mês 5 | M7: R$ Mês 5 | N7: % Mês 6 | O7: R$ Mês 6 | P7: % Mês 7 | Q7: R$ Mês 7 | R7: % Mês 8 | S7: R$ Mês 8 | T7: % Mês 9 | U7: R$ Mês 9 | V7: % Mês 10 | W7: R$ Mês 10 | X7: % Mês 11 | Y7: R$ Mês 11 | Z7: % Mês 12 | AA7: R$ Mês 12 | AB7: % Mês 13 | AC7: R$ Mês 13 | AD7: % Mês 14 | AE7: R$ Mês 14 | AF7: % Mês 15 | AG7: R$ Mês 15 | AH7: % Mês 16 | AI7: R$ Mês 16 | AJ7: % Mês 17 | AK7: R$ Mês 17 | AL7: % Mês 18 | AM7: R$ Mês 18 | AN7: % Mês 19 | AO7: R$ Mês 19 | AP7: % Mês 20 | AQ7: R$ Mês 20 | AR7: % Mês 21 | AS7: R$ Mês 21 | AT7: % Mês 22 | AU7: R$ Mês 22 | AV7: % Mês 23 | AW7: R$ Mês 23 | AX7: % Mês 24 | AY7: R$ Mês 24 | AZ7: % Mês 25 | BA7: R$ Mês 25 | BB7: % Mês 26 | BC7: R$ Mês 26 | BD7: % Mês 27 | BE7: R$ Mês 27 | BF7: % Mês 28 | BG7: R$ Mês 28 | BH7: % Mês 29 | BI7: R$ Mês 29 | BJ7: % Mês 30 | BK7: R$ Mês 30 | BL7: % Mês 31 | BM7: R$ Mês 31 | BN7: % Mês 32 | BO7: R$ Mês 32 | BP7: % Mês 33 | BQ7: R$ Mês 33 | BR7: % Mês 34 | BS7: R$ Mês 34 | BT7: % Mês 35 | BU7: R$ Mês 35 | BV7: % Mês 36 | BW7: R$ Mês 36 | BX7: % Mês 37 | BY7: R$ Mês 37 | BZ7: % Mês 38 | CA7: R$ Mês 38 | CB7: % Mês 39 | CC7: R$ Mês 39 | CD7: % Mês 40 | CE7: R$ Mês 40 | CF7: % Mês 41 | CG7: R$ Mês 41 | CH7: % Mês 42 | CI7: R$ Mês 42 | CJ7: % Mês 43 | CK7: R$ Mês 43 | CL7: % Mês 44 | CM7: R$ Mês 44 | CN7: % Mês 45 | CO7: R$ Mês 45 | CP7: % Mês 46 | CQ7: R$ Mês 46 | CR7: % Mês 47 | CS7: R$ Mês 47 | CT7: % Mês 48 | CU7: R$ Mês 48 | CV7: % Mês 49 | CW7: R$ Mês 49 | CX7: % Mês 50 | CY7: R$ Mês 50 | CZ7: % Mês 51 | DA7: R$ Mês 51 | DB7: % Mês 52 | DC7: R$ Mês 52 | DD7: % Mês 53 | DE7: R$ Mês 53 | DF7: % Mês 54 | DG7: R$ Mês 54 | DH7: % Mês 55 | DI7: R$ Mês 55 | DJ7: % Mês 56 | DK7: R$ Mês 56 | DL7: % Mês 57 | DM7: R$ Mês 57 | DN7: % Mês 58 | DO7: R$ Mês 58 | DP7: % Mês 59 | DQ7: R$ Mês 59 | DR7: % Mês 60 | DS7: R$ Mês 60 | DT7: % Total | DU7: R$ Total
A8: 1 | B8: GERAIS | C8: =Orçamento!O8 -> 0 | D8: 35 | E8: =C8*D8/100 -> 0 | F8: 35 | G8: =C8*F8/100 -> 0 | H8: 30 | I8: =C8*H8/100 -> 0 | J8: 0 | K8: =C8*J8/100 -> 0 | L8: 0 | M8: =C8*L8/100 -> 0 | N8: 0 | O8: =C8*N8/100 -> 0 | P8: 0 | Q8: =C8*P8/100 -> 0 | R8: 0 | S8: =C8*R8/100 -> 0 | T8: 0 | U8: =C8*T8/100 -> 0 | V8: 0 | W8: =C8*V8/100 -> 0 | X8: 0 | Y8: =C8*X8/100 -> 0 | Z8: 0 | AA8: =C8*Z8/100 -> 0 | AB8: 0 | AC8: =C8*AB8/100 -> 0 | AD8: 0 | AE8: =C8*AD8/100 -> 0 | AF8: 0 | AG8: =C8*AF8/100 -> 0 | AH8: 0 | AI8: =C8*AH8/100 -> 0 | AJ8: 0 | AK8: =C8*AJ8/100 -> 0 | AL8: 0 | AM8: =C8*AL8/100 -> 0 | AN8: 0 | AO8: =C8*AN8/100 -> 0 | AP8: 0 | AQ8: =C8*AP8/100 -> 0 | AR8: 0 | AS8: =C8*AR8/100 -> 0 | AT8: 0 | AU8: =C8*AT8/100 -> 0 | AV8: 0 | AW8: =C8*AV8/100 -> 0 | AX8: 0 | AY8: =C8*AX8/100 -> 0 | AZ8: 0 | BA8: =C8*AZ8/100 -> 0 | BB8: 0 | BC8: =C8*BB8/100 -> 0 | BD8: 0 | BE8: =C8*BD8/100 -> 0 | BF8: 0 | BG8: =C8*BF8/100 -> 0 | BH8: 0 | BI8: =C8*BH8/100 -> 0 | BJ8: 0 | BK8: =C8*BJ8/100 -> 0 | BL8: 0 | BM8: =C8*BL8/100 -> 0 | BN8: 0 | BO8: =C8*BN8/100 -> 0 | BP8: 0 | BQ8: =C8*BP8/100 -> 0 | BR8: 0 | BS8: =C8*BR8/100 -> 0 | BT8: 0 | BU8: =C8*BT8/100 -> 0 | BV8: 0 | BW8: =C8*BV8/100 -> 0 | BX8: 0 | BY8: =C8*BX8/100 -> 0 | BZ8: 0 | CA8: =C8*BZ8/100 -> 0 | CB8: 0 | CC8: =C8*CB8/100 -> 0 | CD8: 0 | CE8: =C8*CD8/100 -> 0 | CF8: 0 | CG8: =C8*CF8/100 -> 0 | CH8: 0 | CI8: =C8*CH8/100 -> 0 | CJ8: 0 | CK8: =C8*CJ8/100 -> 0 | CL8: 0 | CM8: =C8*CL8/100 -> 0 | CN8: 0 | CO8: =C8*CN8/100 -> 0 | CP8: 0 | CQ8: =C8*CP8/100 -> 0 | CR8: 0 | CS8: =C8*CR8/100 -> 0 | CT8: 0 | CU8: =C8*CT8/100 -> 0 | CV8: 0 | CW8: =C8*CV8/100 -> 0 | CX8: 0 | CY8: =C8*CX8/100 -> 0 | CZ8: 0 | DA8: =C8*CZ8/100 -> 0 | DB8: 0 | DC8: =C8*DB8/100 -> 0 | DD8: 0 | DE8: =C8*DD8/100 -> 0 | DF8: 0 | DG8: =C8*DF8/100 -> 0 | DH8: 0 | DI8: =C8*DH8/100 -> 0 | DJ8: 0 | DK8: =C8*DJ8/100 -> 0 | DL8: 0 | DM8: =C8*DL8/100 -> 0 | DN8: 0 | DO8: =C8*DN8/100 -> 0 | DP8: 0 | DQ8: =C8*DP8/100 -> 0 | DR8: 0 | DS8: =C8*DR8/100 -> 0 | DT8: =D8+F8+H8+J8+L8+N8+P8+R8+T8+V8+X8+Z8+AB8+AD8+AF8+AH8+AJ8+AL8+AN8+AP8+AR8+AT8+AV8+AX8+AZ8+BB8+BD8+BF8+BH8+BJ8+BL8+BN8+BP8+BR8+BT8+BV8+BX8+BZ8+CB8+CD8+CF8+CH8+CJ8+CL8+CN8+CP8+CR8+CT8+CV8+CX8+CZ8+DB8+DD8+DF8+DH8+DJ8+DL8+DN8+DP8+DR8 -> 100 | DU8: =E8+G8+I8+K8+M8+O8+Q8+S8+U8+W8+Y8+AA8+AC8+AE8+AG8+AI8+AK8+AM8+AO8+AQ8+AS8+AU8+AW8+AY8+BA8+BC8+BE8+BG8+BI8+BK8+BM8+BO8+BQ8+BS8+BU8+BW8+BY8+CA8+CC8+CE8+CG8+CI8+CK8+CM8+CO8+CQ8+CS8+CU8+CW8+CY8+DA8+DC8+DE8+DG8+DI8+DK8+DM8+DO8+DQ8+DS8 -> 0
A9: Totais cronograma | C9: =SUM(C8:C8) -> 0 | D9: =SUM(E8:E8) -> 0 | F9: =SUM(G8:G8) -> 0 | H9: =SUM(I8:I8) -> 0 | J9: =SUM(K8:K8) -> 0 | L9: =SUM(M8:M8) -> 0 | N9: =SUM(O8:O8) -> 0 | P9: =SUM(Q8:Q8) -> 0 | R9: =SUM(S8:S8) -> 0 | T9: =SUM(U8:U8) -> 0 | V9: =SUM(W8:W8) -> 0 | X9: =SUM(Y8:Y8) -> 0 | Z9: =SUM(AA8:AA8) -> 0 | AB9: =SUM(AC8:AC8) -> 0 | AD9: =SUM(AE8:AE8) -> 0 | AF9: =SUM(AG8:AG8) -> 0 | AH9: =SUM(AI8:AI8) -> 0 | AJ9: =SUM(AK8:AK8) -> 0 | AL9: =SUM(AM8:AM8) -> 0 | AN9: =SUM(AO8:AO8) -> 0 | AP9: =SUM(AQ8:AQ8) -> 0 | AR9: =SUM(AS8:AS8) -> 0 | AT9: =SUM(AU8:AU8) -> 0 | AV9: =SUM(AW8:AW8) -> 0 | AX9: =SUM(AY8:AY8) -> 0 | AZ9: =SUM(BA8:BA8) -> 0 | BB9: =SUM(BC8:BC8) -> 0 | BD9: =SUM(BE8:BE8) -> 0 | BF9: =SUM(BG8:BG8) -> 0 | BH9: =SUM(BI8:BI8) -> 0 | BJ9: =SUM(BK8:BK8) -> 0 | BL9: =SUM(BM8:BM8) -> 0 | BN9: =SUM(BO8:BO8) -> 0 | BP9: =SUM(BQ8:BQ8) -> 0 | BR9: =SUM(BS8:BS8) -> 0 | BT9: =SUM(BU8:BU8) -> 0 | BV9: =SUM(BW8:BW8) -> 0 | BX9: =SUM(BY8:BY8) -> 0 | BZ9: =SUM(CA8:CA8) -> 0 | CB9: =SUM(CC8:CC8) -> 0 | CD9: =SUM(CE8:CE8) -> 0 | CF9: =SUM(CG8:CG8) -> 0 | CH9: =SUM(CI8:CI8) -> 0 | CJ9: =SUM(CK8:CK8) -> 0 | CL9: =SUM(CM8:CM8) -> 0 | CN9: =SUM(CO8:CO8) -> 0 | CP9: =SUM(CQ8:CQ8) -> 0 | CR9: =SUM(CS8:CS8) -> 0 | CT9: =SUM(CU8:CU8) -> 0 | CV9: =SUM(CW8:CW8) -> 0 | CX9: =SUM(CY8:CY8) -> 0 | CZ9: =SUM(DA8:DA8) -> 0 | DB9: =SUM(DC8:DC8) -> 0 | DD9: =SUM(DE8:DE8) -> 0 | DF9: =SUM(DG8:DG8) -> 0 | DH9: =SUM(DI8:DI8) -> 0 | DJ9: =SUM(DK8:DK8) -> 0 | DL9: =SUM(DM8:DM8) -> 0 | DN9: =SUM(DO8:DO8) -> 0 | DP9: =SUM(DQ8:DQ8) -> 0 | DR9: =SUM(DS8:DS8) -> 0 | DT9: =(DU9/C9)*100 -> #DIV/0! | DU9: =SUM(DU8:DU8) -> 0

Sheet BDI Principal
A1: Prefeitura Municipal de Ibicaré - SC
A2: Orcamento de obra - SAMU
A3: Data: | B3: =DADOS!C3 -> 15/05/2026
A4: Empresa: | B4: =DADOS!C7 -> 0 | G4: Telefone: | H4: =DADOS!C9
A5: CNPJ: | B5: =DADOS!C8 | D5: Cidade: | E5: =DADOS!C13 -> 0 | H5: UF: | I5: =DADOS!C14 -> 0
A7: Item | B7: 1º quartil | C7: 3º quartil | D7: Proposto | E7: Identificação
A8: AC | B8: 3 | C8: 5.5 | D8: 4 | E8: Administração Central | J8: =D8/100 -> 0.04
A9: S+G | B9: 0.8 | C9: 1 | D9: 0.8 | E9: Seguro e Garantia | J9: =D9/100 -> 0.008
A10: R | B10: 0.97 | C10: 1.27 | D10: 1.27 | E10: Risco | J10: =D10/100 -> 0.0127
A11: DF | B11: 0.59 | C11: 1.39 | D11: 1.23 | E11: Despesas Financeiras | J11: =D11/100 -> 0.0123
A12: L | B12: 6.16 | C12: 8.96 | D12: 7.4 | E12: Lucro | J12: =D12/100 -> 0.074
A13: I* | B13: 5.65 | C13: 10.65 | D13: =I15+I18+I19 -> 6.65 | E13: Tributos * | J13: =D13/100 -> 0.0665
C14: Total | D14: =ROUND(((((1+J8+J9+J10)*(1+J11)*(1+J12)/(1-J15-J18))-1)*100),2) -> 23.54
F15: PIS e COFINS | I15: 3.65 | J15: =I15/100 -> 0.0365
F16: Alíquota ISS | I16: 3 | J16: =I16/100 -> 0.03
F17: Base de cálculo | I17: 100
F18: ISS Aplicável | I18: =((I17*I16)/100) -> 3 | J18: =I18/100 -> 0.03
F19: Cont. Prev. s/Rec.Bruta | I19: 0
E29: =DADOS!C11 -> 0
E30: =DADOS!C12 -> 0

Sheet BDI Diferenciado
A1: Prefeitura Municipal de Ibicaré - SC
A2: Orcamento de obra - SAMU
A3: Data: | B3: =DADOS!C3 -> 15/05/2026
A4: Empresa: | B4: =DADOS!C7 -> 0 | G4: Telefone: | H4: =DADOS!C9
A5: CNPJ: | B5: =DADOS!C8 | D5: Cidade: | E5: =DADOS!C13 -> 0 | H5: UF: | I5: =DADOS!C14 -> 0
A7: Item | B7: 1º quartil | C7: 3º quartil | D7: Proposto | E7: Identificação
A8: AC | B8: 1.5 | C8: 4.49 | D8: 0 | E8: Administração Central | J8: =D8/100 -> 0
A9: S+G | B9: 0.3 | C9: 0.82 | D9: 0 | E9: Seguro e Garantia | J9: =D9/100 -> 0
A10: R | B10: 0.56 | C10: 0.89 | D10: 0 | E10: Risco | J10: =D10/100 -> 0
A11: DF | B11: 0.85 | C11: 1.11 | D11: 0 | E11: Despesas Financeiras | J11: =D11/100 -> 0
A12: L | B12: 3.5 | C12: 6.22 | D12: 0 | E12: Lucro | J12: =D12/100 -> 0
A13: I* | B13: 5.65 | C13: 10.65 | D13: =I15+I16 -> 3.65 | E13: Tributos * | J13: =D13/100 -> 0.0365
C14: Total | D14: =ROUND(((((1+J8+J9+J10)*(1+J11)*(1+J12)/(1-J13))-1)*100),2) -> 3.79
F15: PIS e COFINS | I15: 3.65 | J15: =I15/100 -> 0.0365
F16: Cont. Prev. s/Rec.Bruta | I16: 0
E26: =DADOS!C11 -> 0
E27: =DADOS!C12 -> 0

Sheet BDI (Fator K e TRDE)
A1: Prefeitura Municipal de Ibicaré - SC
A2: Orcamento de obra - SAMU
A3: Data: | B3: =DADOS!C3 -> 15/05/2026
A4: Empresa: | B4: =DADOS!C7 -> 0 | G4: Telefone: | H4: =DADOS!C9
A5: CNPJ: | B5: =DADOS!C8 | D5: Cidade: | E5: =DADOS!C13 -> 0 | H5: UF: | I5: =DADOS!C14 -> 0
A8: K1= | B8: 1.1428 | C8: Encargos sociais incidentes sobre a mão de obra
A9: k2= | B9: 0.2 | C9: Administração central (overhead)
A10: k3= | B10: 0.12 | C10: Margem bruta
A11: k4= | B11: 0 | C11: Impostos (PIS + COFINS + ISS)
A12: K | B12: =(((1+B8+B9)*(1+B10))/(1-B11)) -> 2.623936 | C12: {[(1+k1+k2)(1+k3)]/(1-k4)}
A13: TRDE | B13: =((1+B10)/(1-B11)) -> 1.12 | C13: [(1+k3)/(1-k4)]
E23: =DADOS!C11 -> 0
E24: =DADOS!C12 -> 0

Sheet BDI Especifico
A1: Prefeitura Municipal de Ibicaré - SC
A2: Orcamento de obra - SAMU
A3: Data: | B3: =DADOS!C3 -> 15/05/2026
A4: Empresa: | B4: =DADOS!C7 -> 0 | G4: Telefone: | H4: =DADOS!C9
A5: CNPJ: | B5: =DADOS!C8 | D5: Cidade: | E5: =DADOS!C13 -> 0 | H5: UF: | I5: =DADOS!C14 -> 0
A7: Item | B7: 1º quartil | C7: 3º quartil | D7: Proposto | E7: Identificação
A8: AC | B8: 3 | C8: 5.5 | D8: 1.5 | E8: Administração Central | J8: =D8/100 -> 0.015
A9: S+G | B9: 0.8 | C9: 1 | D9: 0.3 | E9: Seguro e Garantia | J9: =D9/100 -> 0.003
A10: R | B10: 0.97 | C10: 1.27 | D10: 0.56 | E10: Risco | J10: =D10/100 -> 0.0056
A11: DF | B11: 0.59 | C11: 1.39 | D11: 0.85 | E11: Despesas Financeiras | J11: =D11/100 -> 0.0085
A12: L | B12: 6.16 | C12: 8.96 | D12: 3.5 | E12: Lucro | J12: =D12/100 -> 0.035
A13: I* | B13: 5.65 | C13: 10.65 | D13: =I15+I18+I19 -> 6.65 | E13: Tributos * | J13: =D13/100 -> 0.0665
C14: Total | D14: =ROUND(((((1+J8+J9+J10)*(1+J11)*(1+J12)/(1-J15-J18))-1)*100),2) -> 14.45
F15: PIS e COFINS | I15: 3.65 | J15: =I15/100 -> 0.0365
F16: Alíquota ISS | I16: 3 | J16: =I16/100 -> 0.03
F17: Base de cálculo | I17: 100
F18: ISS Aplicável | I18: =((I17*I16)/100) -> 3 | J18: =I18/100 -> 0.03
F19: Cont. Prev. s/Rec.Bruta | I19: 0
E29: =DADOS!C11 -> 0
E30: =DADOS!C12 -> 0

Sheet Repositório
A1: ='BDI Principal'!D14 -> 23.54
A2: ='BDI Diferenciado'!D14 -> 3.79
A3: ='BDI (Fator K e TRDE)'!B12 -> 2.623936
A4: ='BDI (Fator K e TRDE)'!B13 -> 1.12
